TOP OF THE 1ST |
Port Royal Disaster batting - Pitching for Salt Lake City Buzz : RHP Ben Hopley
|
Pitching: RHP Ben Hopley
|
|
Batting: RHB Manuel Becerra
|
0-0: Ground out 6-3 (Groundball, 6)
|
Batting: RHB Sergio Martínez
|
0-0: Called Strike 0-1: Ball 1-1: Foul Ball, location: 2F 1-2: Ground out 5-3 (Groundball, 56)
|
Batting: RHB Martín Méndez
|
0-0: SINGLE (Groundball, 56D)
|
Batting: LHB José Martínez
|
0-0: Ball 1-0: Fly out, F6 (Popup, 56D)
|
Top of the 1st over - 0 run(s), 1 hit(s), 0 error(s), 1 left on base; Port Royal 0 - Salt Lake City 0 |
BOTTOM OF THE 1ST |
Salt Lake City Buzz batting - Pitching for Port Royal Disaster : RHP Artie Horton
|
Pitching: RHP Artie Horton
|
|
Batting: RHB Justin MacPherson
|
0-0: Fly out, F8 (Flyball, 89M)
|
Batting: SHB Carlton Reed
|
0-0: Ball 1-0: Ball 2-0: Fly out, F8 (Flyball, 8LM)
|
Batting: LHB Randy Schlosser
|
0-0: SINGLE (Groundball, 6MD)
|
Batting: RHB Gustavo Berrios
|
0-0: Ball 1-0: Swinging Strike 1-1: DOUBLE (Line Drive, 7D) Randy Schlosser to third Runner from 3rd tries for Home, SAFE, no throw
|
Batting: SHB Raymond Bright
|
0-0: Called Strike 0-1: Ground out 4-3 (Groundball, 4D)
|
Bottom of the 1st over - 1 run(s), 2 hit(s), 0 error(s), 1 left on base; Port Royal 0 - Salt Lake City 1 |
TOP OF THE 2ND |
Port Royal Disaster batting - Pitching for Salt Lake City Buzz : RHP Ben Hopley
|
Batting: SHB Arsenio Sameiro
|
0-0: Ball 1-0: Foul Ball, location: 2F 1-1: Called Strike 1-2: Ball 2-2: Foul Ball, location: 2F 2-2: Ball 3-2: Foul Ball, location: 2F 3-2: Ground out 4-3 (Groundball, 4S)
|
Batting: RHB Ronnie Cleveland
|
0-0: Ball 1-0: Ball 2-0: Ground out 6-3 (Groundball, 6)
|
Batting: RHB David McJannett
|
0-0: Foul Ball, location: 2F 0-1: Ball 1-1: Ground out 5-3 (Groundball, 56S)
|
Top of the 2nd over - 0 run(s), 0 hit(s), 0 error(s), 0 left on base; Port Royal 0 - Salt Lake City 1 |
BOTTOM OF THE 2ND |
Salt Lake City Buzz batting - Pitching for Port Royal Disaster : RHP Artie Horton
|
Batting: RHB Alan Rosales
|
0-0: Called Strike 0-1: Ball 1-1: Foul Ball, location: 2F 1-2: Ball 2-2: Fly out, F9 (Flyball, 89M)
|
Batting: RHB Patrick Clark
|
0-0: Fly out, F8 (Flyball, 8LD)
|
Batting: SHB Shelby Reusch
|
0-0: Foul Ball, location: 2F 0-1: Ball 1-1: Ball 2-1: Swinging Strike 2-2: Ball 3-2: DOUBLE (Groundball, 3L)
|
Batting: RHB Juan Martínez
|
0-0: Called Strike 0-1: Ball 1-1: Swinging Strike 1-2: Ball 2-2: Ball 3-2: Foul Ball, location: 2F 3-2: Strikes out swinging
|
Bottom of the 2nd over - 0 run(s), 1 hit(s), 0 error(s), 1 left on base; Port Royal 0 - Salt Lake City 1 |
TOP OF THE 3RD |
Port Royal Disaster batting - Pitching for Salt Lake City Buzz : RHP Ben Hopley
|
Batting: RHB David Verhoeve
|
0-0: Foul Ball, location: 2F 0-1: Ball 1-1: Ball 2-1: Called Strike 2-2: Foul Ball, location: 2F 2-2: Ball 3-2: Ground out 6-3 (Groundball, 6)
|
Batting: LHB Davis Mills
|
0-0: Called Strike 0-1: Ball 1-1: Ball 2-1: Ball 3-1: Base on Balls
|
Batting: RHB Manuel Becerra
|
0-0: Ball Pickoff Throw to First - Out! 1-0: Called Strike 1-1: SINGLE (Groundball, 5L) (infield hit)
|
Batting: RHB Sergio Martínez
|
0-0: Ball 1-0: Ground out 4-3 (Groundball, 4)
|
Top of the 3rd over - 0 run(s), 1 hit(s), 0 error(s), 1 left on base; Port Royal 0 - Salt Lake City 1 |
BOTTOM OF THE 3RD |
Salt Lake City Buzz batting - Pitching for Port Royal Disaster : RHP Artie Horton
|
Batting: RHB Justin MacPherson
|
0-0: Ball 1-0: Ball 2-0: Ball 3-0: Called Strike 3-1: Fly out, F3 (Popup, 3L)
|
Batting: SHB Carlton Reed
|
0-0: Ball 1-0: DOUBLE (Groundball, 3L)
|
Batting: LHB Randy Schlosser
|
0-0: Ball 1-0: Swinging Strike 1-1: Fly out, F4 (Popup, 34S)
|
Batting: RHB Gustavo Berrios
|
0-0: Ball 1-0: Called Strike 1-1: Swinging Strike 1-2: Ball 2-2: SINGLE (Flyball, 9LS) Carlton Reed to third Runner from 3rd tries for Home, SAFE, no throw
|
Batting: SHB Raymond Bright
|
0-0: SINGLE (Line Drive, 34) Gustavo Berrios to second
|
Batting: RHB Alan Rosales
|
0-0: Ball 1-0: Swinging Strike 1-1: Swinging Strike 1-2: Ball 2-2: SINGLE (Groundball, 6M) (infield hit) Gustavo Berrios to third Raymond Bright to second
|
Batting: RHB Patrick Clark
|
0-0: Called Strike 0-1: SINGLE (Line Drive, 78S) Gustavo Berrios scores Raymond Bright to third Alan Rosales to second Runner from 3rd tries for Home, SAFE, no throw
|
Batting: SHB Shelby Reusch
|
0-0: Foul Ball, location: 2F 0-1: Ball 1-1: Foul Ball, location: 2F 1-2: Strikes out swinging
|
Bottom of the 3rd over - 3 run(s), 5 hit(s), 0 error(s), 2 left on base; Port Royal 0 - Salt Lake City 4 |
TOP OF THE 4TH |
Port Royal Disaster batting - Pitching for Salt Lake City Buzz : RHP Ben Hopley
|
Batting: RHB Martín Méndez
|
0-0: Ball 1-0: Foul Ball, location: 2F 1-1: Called Strike 1-2: Fly out, F5 (Line Drive, 56)
|
Batting: LHB José Martínez
|
0-0: Called Strike 0-1: Ball 1-1: Ball 2-1: Called Strike 2-2: Fly out, F8 (Flyball, 78D)
|
Batting: SHB Arsenio Sameiro
|
0-0: Ball 1-0: SINGLE (Line Drive, 6MD)
|
Batting: RHB Ronnie Cleveland
|
0-0: Foul Ball, location: 2F 0-1: Swinging Strike 0-2: Ball 1-2: Foul Ball, location: 2F 1-2: Foul Ball, location: 2F 1-2: Ball 2-2: Fielders Choice at 2nd, 4-6 (Groundball, 4)
|
Top of the 4th over - 0 run(s), 1 hit(s), 0 error(s), 0 left on base; Port Royal 0 - Salt Lake City 4 |
BOTTOM OF THE 4TH |
Salt Lake City Buzz batting - Pitching for Port Royal Disaster : RHP Artie Horton
|
Batting: RHB Juan Martínez
|
0-0: Ball 1-0: Foul Ball, location: 2F 1-1: Ground out 1-3 (Groundball, P)
|
Batting: RHB Justin MacPherson
|
0-0: Ball 1-0: Foul Ball, location: 2F 1-1: Swinging Strike 1-2: Ball 2-2: Foul Ball, location: 2F 2-2: Ball 3-2: Ground out 6-3 (Groundball, 56)
|
Batting: SHB Carlton Reed
|
0-0: Ball 1-0: Foul Ball, location: 2F 1-1: Ground out 4-3 (Groundball, 4)
|
Bottom of the 4th over - 0 run(s), 0 hit(s), 0 error(s), 0 left on base; Port Royal 0 - Salt Lake City 4 |
TOP OF THE 5TH |
Port Royal Disaster batting - Pitching for Salt Lake City Buzz : RHP Ben Hopley
|
Batting: RHB David McJannett
|
0-0: Ground out 5-3 (Groundball, 56)
|
Batting: RHB David Verhoeve
|
0-0: SINGLE (Groundball, 5) (infield hit)
|
Batting: LHB Davis Mills
|
0-0: Swinging Strike 0-1: Ball 1-1: Grounds into double play, 1-6-3 (Groundball, 13S)
|
Top of the 5th over - 0 run(s), 1 hit(s), 0 error(s), 0 left on base; Port Royal 0 - Salt Lake City 4 |
BOTTOM OF THE 5TH |
Salt Lake City Buzz batting - Pitching for Port Royal Disaster : RHP Artie Horton
|
Batting: LHB Randy Schlosser
|
0-0: Ball 1-0: Ball 2-0: Ball 3-0: Called Strike 3-1: Called Strike 3-2: DOUBLE (Line Drive, 7LS)
|
Batting: RHB Gustavo Berrios
|
0-0: Ball 1-0: Called Strike 1-1: Ball 2-1: Fly out, F5 (Popup, 5S)
|
Batting: SHB Raymond Bright
|
0-0: Ball Randy Schlosser steals 3rd base 1-0: Foul Ball, location: 2F 1-1: Ball 2-1: Ball 3-1: Ground out 4-3 (Groundball, 4) Randy Schlosser scores
|
Batting: RHB Alan Rosales
|
0-0: Ball 1-0: Ball 2-0: Fly out, F9 (Flyball, 9D)
|
Bottom of the 5th over - 1 run(s), 1 hit(s), 0 error(s), 0 left on base; Port Royal 0 - Salt Lake City 5 |
TOP OF THE 6TH |
Port Royal Disaster batting - Pitching for Salt Lake City Buzz : RHP Ben Hopley
|
Pitching: LHP Ed Dodd
|
|
Batting: RHB Manuel Becerra
|
0-0: Called Strike 0-1: Swinging Strike 0-2: Foul Ball, location: 2F 0-2: Ball 1-2: Ground out 1-3 (Groundball, P)
|
Batting: RHB Sergio Martínez
|
0-0: Ball 1-0: Ball 2-0: Called Strike 2-1: Ball 3-1: Foul Ball, location: 2F 3-2: Base on Balls
|
Batting: RHB Martín Méndez
|
0-0: Ball 1-0: Called Strike 1-1: Ball 2-1: Foul Ball, location: 2F 2-2: Ball 3-2: Ground out 6-3 (Groundball, 6) Sergio Martínez to second
|
Batting: LHB José Martínez
|
0-0: Foul Ball, location: 2F 0-1: Ball 1-1: Foul Ball, location: 2F 1-2: Foul Ball, location: 2F 1-2: Ball Wild Pitch! Sergio Martínez to third 2-2: Fly out, F9 (Flyball, 9LSF)
|
Top of the 6th over - 0 run(s), 0 hit(s), 0 error(s), 1 left on base; Port Royal 0 - Salt Lake City 5 |
BOTTOM OF THE 6TH |
Salt Lake City Buzz batting - Pitching for Port Royal Disaster : RHP Artie Horton
|
Pitching: LHP Wayne Downey
|
|
Batting: RHB Patrick Clark
|
0-0: Ball 1-0: Ground out 5-3 (Groundball, 56)
|
Batting: SHB Shelby Reusch
|
0-0: Ball 1-0: Swinging Strike 1-1: Ball 2-1: Ball 3-1: Swinging Strike 3-2: Foul Ball, location: 2F 3-2: Foul Ball, location: 2F 3-2: Strikes out swinging
|
Batting: RHB Juan Martínez
|
0-0: Ball 1-0: Ball 2-0: Ground out 6-3 (Groundball, 6)
|
Bottom of the 6th over - 0 run(s), 0 hit(s), 0 error(s), 0 left on base; Port Royal 0 - Salt Lake City 5 |
TOP OF THE 7TH |
Port Royal Disaster batting - Pitching for Salt Lake City Buzz : LHP Ed Dodd
|
Batting: SHB Arsenio Sameiro
|
0-0: Called Strike 0-1: Foul Ball, location: 2F 0-2: Foul Ball, location: 2F 0-2: Ground out 6-3 (Groundball, 6)
|
Batting: RHB Ronnie Cleveland
|
0-0: Swinging Strike 0-1: Foul Ball, location: 2F 0-2: Ball 1-2: Strikes out swinging, 2-3 out at first.
|
Batting: RHB David McJannett
|
0-0: Ball 1-0: Ball 2-0: Ball 3-0: Base on Balls
|
Batting: RHB David Verhoeve
|
0-0: Ball 1-0: Ball 2-0: Ball 3-0: Base on Balls David McJannett to second
|
Batting: LHB Davis Mills
|
0-0: Ball 1-0: Foul Ball, location: 2F 1-1: Ball 2-1: Called Strike 2-2: Ball 3-2: Base on Balls David McJannett to third David Verhoeve to second
|
Batting: RHB Manuel Becerra
|
0-0: Ball 1-0: SINGLE (Line Drive, 56D) David McJannett scores David Verhoeve to third Davis Mills to second Runner from 3rd tries for Home, SAFE, no throw
|
Batting: RHB Sergio Martínez
|
0-0: Ball 1-0: Ball 2-0: SINGLE (Line Drive, 89M) Davis Mills to third Manuel Becerra to second Runner from 3rd tries for Home, SAFE, no throw
|
Pitching: RHP Caleb Sobieski
|
|
Batting: RHB Martín Méndez
|
0-0: Swinging Strike 0-1: Foul Ball, location: 2F 0-2: Ball 1-2: Foul Ball, location: 2F 1-2: Foul Ball, location: 2F 1-2: Ball 2-2: Ball 3-2: Base on Balls Manuel Becerra to third Sergio Martínez to second
|
Batting: LHB José Martínez
|
0-0: Ball 1-0: Ball 2-0: SINGLE (Groundball, 56D) Manuel Becerra scores Sergio Martínez to third Martín Méndez to second Runner from 3rd tries for Home, SAFE, no throw
|
Batting: SHB Arsenio Sameiro
|
0-0: Ball 1-0: Ball 2-0: Ball 3-0: Base on Balls Martín Méndez to third José Martínez to second
|
Batting: RHB Ronnie Cleveland
|
0-0: Called Strike 0-1: Foul Ball, location: 2F 0-2: Ball Wild Pitch! Martín Méndez scores José Martínez to third Arsenio Sameiro to second 1-2: Ball 2-2: Ball 3-2: Foul Ball, location: 2F 3-2: Base on Balls
|
Batting: RHB David McJannett
|
0-0: Ball 1-0: Ball 2-0: Ball 3-0: Called Strike 3-1: Foul Ball, location: 2F 3-2: Base on Balls José Martínez scores Arsenio Sameiro to third Ronnie Cleveland to second
|
Batting: RHB David Verhoeve
|
0-0: SINGLE (Groundball, 6MD) Arsenio Sameiro scores Ronnie Cleveland to third David McJannett to second Runner from 3rd tries for Home, throw and OUT!
|
Top of the 7th over - 8 run(s), 4 hit(s), 0 error(s), 2 left on base; Port Royal 8 - Salt Lake City 5 |
BOTTOM OF THE 7TH |
Salt Lake City Buzz batting - Pitching for Port Royal Disaster : LHP Wayne Downey
|
Batting: RHB Justin MacPherson
|
0-0: Called Strike 0-1: Swinging Strike 0-2: Strikes out looking
|
Batting: SHB Carlton Reed
|
0-0: Ball 1-0: Foul Ball, location: 2F 1-1: DOUBLE (Line Drive, 8LD)
|
Batting: LHB Randy Schlosser
|
0-0: Ball 1-0: Ball 2-0: Swinging Strike 2-1: Foul Ball, location: 2F 2-2: Foul Ball, location: 2F 2-2: Fly out, F8 (Flyball, 78M)
|
Batting: RHB Gustavo Berrios
|
0-0: Ball 1-0: Swinging Strike 1-1: Ground out 5-3 (Groundball, 56)
|
Bottom of the 7th over - 0 run(s), 1 hit(s), 0 error(s), 1 left on base; Port Royal 8 - Salt Lake City 5 |
TOP OF THE 8TH |
Port Royal Disaster batting - Pitching for Salt Lake City Buzz : RHP Caleb Sobieski
|
Pitching: LHP Jim Unknown
|
|
Batting: LHB Davis Mills
|
0-0: Ball 1-0: SINGLE (Groundball, 34) (infield hit)
|
Batting: RHB Manuel Becerra
|
0-0: Ball 1-0: Bunted foul 1-1: Bunted foul 1-2: Ball 2-2: Foul Ball, location: 2F 2-2: Foul Ball, location: 2F 2-2: Ball 3-2: Fly out, F7 (Line Drive, 7S)
|
Batting: RHB Sergio Martínez
|
0-0: Ball 1-0: Ball 2-0: SINGLE (Flyball, 8RS) Davis Mills to second
|
Batting: RHB Martín Méndez
|
0-0: Called Strike 0-1: Called Strike 0-2: Grounds into double play, 6-4-3 (Groundball, 6)
|
Top of the 8th over - 0 run(s), 2 hit(s), 0 error(s), 1 left on base; Port Royal 8 - Salt Lake City 5 |
BOTTOM OF THE 8TH |
Salt Lake City Buzz batting - Pitching for Port Royal Disaster : LHP Wayne Downey
|
Batting: SHB Raymond Bright
|
0-0: Ball 1-0: Called Strike 1-1: Ball 2-1: Fly out, F8 (Flyball, 8LM)
|
Batting: RHB Alan Rosales
|
0-0: Foul Ball, location: 2F 0-1: Ball 1-1: Ball 2-1: Swinging Strike 2-2: Strikes out swinging
|
Batting: RHB Patrick Clark
|
0-0: Called Strike 0-1: Foul Ball, location: 2F 0-2: Ball 1-2: Ball 2-2: Fly out, F6 (Popup, 6D)
|
Bottom of the 8th over - 0 run(s), 0 hit(s), 0 error(s), 0 left on base; Port Royal 8 - Salt Lake City 5 |
TOP OF THE 9TH |
Port Royal Disaster batting - Pitching for Salt Lake City Buzz : LHP Jim Unknown
|
Batting: LHB José Martínez
|
0-0: Ball 1-0: Called Strike 1-1: Called Strike 1-2: Strikes out looking
|
Batting: SHB Arsenio Sameiro
|
0-0: Foul Ball, location: 2F 0-1: Foul Ball, location: 2F 0-2: Ball 1-2: Strikes out swinging
|
Batting: RHB Ronnie Cleveland
|
0-0: Called Strike 0-1: Ball 1-1: Ball 2-1: Ground out 6-3 (Groundball, 6)
|
Top of the 9th over - 0 run(s), 0 hit(s), 0 error(s), 0 left on base; Port Royal 8 - Salt Lake City 5 |
BOTTOM OF THE 9TH |
Salt Lake City Buzz batting - Pitching for Port Royal Disaster : LHP Wayne Downey
|
Pitching: RHP Juan Carlos Herrera
|
|
Batting: SHB Shelby Reusch
|
0-0: Ball 1-0: Ground out 3-1 (Groundball, 34S)
|
Batting: RHB Juan Martínez
|
0-0: Called Strike 0-1: Ball 1-1: Fly out, F9 (Flyball, 9S)
|
Batting: RHB Justin MacPherson
|
0-0: Called Strike 0-1: Ball 1-1: Ball 2-1: Ball 3-1: Foul Ball, location: 2F 3-2: Base on Balls
|
Batting: SHB Carlton Reed
|
0-0: Ball 1-0: Ball 2-0: Ball 3-0: Called Strike 3-1: Called Strike 3-2: Strikes out swinging, 2-3 out at first.
|
Bottom of the 9th over - 0 run(s), 0 hit(s), 0 error(s), 1 left on base; Port Royal 8 - Salt Lake City 5 |
|